 Dungeon Crawl Stone Soup version 0.30.1-6-gbe392663c4 (webtiles) character file.

Game seed: 15691846351758331010

893 NullDivider the Sneak (level 8, -6/46 HPs)
             Began as an Octopode Venom Mage on Sept 20, 2023.
             Mangled by a gnoll sergeant
             ... wielding a +0 spear
              (7 damage)
             ... on level 6 of the Dungeon.
             The game lasted 00:33:32 (5502 turns).

NullDivider the Sneak (Octopode Venom Mage)         Turns: 5502, Time: 00:33:33

Health: -6/46      AC:  1    Str:  7    XL:     8   Next: 6%
Magic:  11/14      EV: 14    Int: 18    God:
Gold:   168        SH:  0    Dex: 14    Spells: 5/15 levels left

rFire   . . .        D - +2 dagger (speed)
rCold   . . .        (no shield)
rNeg    . . .        (helmet restricted)
rPois   .            e - amulet of the acrobat
rElec   .            (no ring)
rCorr   .            (no ring)
SInv    .            (no ring)
Will    .....        (no ring)
Stlth   ++++         (no ring)
HPRegen 0.27/turn    (no ring)
MPRegen 0.14/turn    (no ring)
                     (no ring)

%: acrobat
@: attractive
A: almost no armour, amphibious, 8 rings, camouflage 1, gelatinous body 1,
(nimble swimmer 1), tentacles
a: no special abilities


You were on level 6 of the Dungeon.
You visited 1 branch of the dungeon, and saw 6 of its levels.

You collected 168 gold pieces.

Inventory:

Hand Weapons
 r - the +4 mace of Attainder {vamp, rF+ Int+3}
   (You found it on level 3 of the Dungeon)

   Int:       It affects your intelligence (+3).
   rF:        It protects you from fire.
 D - a +2 dagger of speed (weapon)
Magical Staves
 b - a staff of poison
Jewellery
 e - an amulet of the acrobat (around mantle)
 w - a ring of ice
Wands
 i - a wand of digging (7)
 A - a wand of acid (8)
 B - a wand of polymorph (11)
 C - a wand of charming (2)
Scrolls
 d - 6 scrolls of teleportation
 l - a scroll of enchant weapon {unknown}
 q - a scroll of fog {unknown}
 s - 2 scrolls of blinking
 u - a scroll of immolation {unknown}
 v - 2 scrolls of fear {unknown}
 x - a scroll of noise {unknown}
 y - a scroll of poison {unknown}
Potions
 a - a potion of magic
 c - a potion of degeneration {unknown}
 f - a potion of ambrosia {unknown}
 g - a potion of attraction
 h - 3 potions of heal wounds
 k - a potion of cancellation {unknown}
 m - a potion of brilliance {unknown}
 n - a potion of haste {unknown}
 o - a potion of resistance {unknown}
 p - 4 potions of curing
 t - a potion of mutation {unknown}
 z - a potion of berserk rage {unknown}


   Skills:
 + Level 3.2 Short Blades
 + Level 4.3 Dodging
 + Level 6.0 Stealth
 + Level 4.3 Spellcasting
 - Level 1.0 Transmutations
 - Level 2.3 Air Magic
 + Level 5.2 Poison Magic


You had 5 spell levels left.
You knew the following spells:

 Your Spells              Type           Power      Damage    Failure   Level
a - Sting                 Tmut/Pois      60%        1d6       4%          1
b - Poisonous Vapours     Pois/Air       34%        N/A       4%          2
c - Mephitic Cloud        Conj/Pois/Air  13%        N/A       16%         3
d - Olgreb's Toxic Radia  Pois           22%        N/A       16%         4

Your spell library contained the following spells:

 Spells                   Type           Power      Damage    Failure   Level
 Lesser Beckoning         Tloc           6%         N/A       22%         2
 Dazzling Flash           Conj/Hex       6%         N/A       38%         3
 Gell's Gravitas          Tloc           3%         N/A       38%         3
 Inner Flame              Hex/Fire       3%         N/A       38%         3
 Teleport Other           Tloc           3%         N/A       38%         3
 Volatile Blastmotes      Fire/Tloc      6%         2d10      38%         3
 Iskenderun's Mystic Bla  Conj/Tloc      3%         2d3       80%         4
 Yara's Violent Unravell  Hex/Tmut       2%         3d3       97%         5
 Starburst                Conj/Fire      1%         6d3       100%        6
 Enfeeble                 Hex            1%         N/A       100%        7


Dungeon Overview and Level Annotations

Branches:
Dungeon (6/15)
 Temple: D:4-7

Altars:
Gozag
Makhleb
Uskayaw

Shops:
D:1 :

Annotations:
D:3 1 runed translucent door, Beaer's ghost, amateur DjFE


Innate Abilities, Weirdness & Mutations

You cannot wear most types of armour.
You are amphibious.
You can wear up to eight rings at the same time.
Your skin changes colour to match your surroundings (Stealth+).
Your rubbery body absorbs attacks. (AC +1, EV +1)
((You are camouflaged when in or above water. (Stealth+)))
You have tentacles for arms and can constrict up to eight enemies at once.


Message History

You constrict the gnoll sergeant, but do no damage.
The gnoll sergeant misses you.
You hit the gnoll sergeant but do no damage.
The gnoll sergeant is moderately wounded.
You constrict the gnoll sergeant, but do no damage.
The gnoll sergeant closely misses you.
You hit the gnoll sergeant.
The gnoll sergeant is moderately wounded.
You constrict the gnoll sergeant, but do no damage.
You hit the gnoll sergeant but do no damage.
You squeeze the gnoll sergeant.
The gnoll sergeant is heavily wounded.
You constrict the gnoll sergeant, but do no damage.
The gnoll sergeant hits you with a +0 spear!
You hit the gnoll sergeant.
The gnoll sergeant is heavily wounded.
You constrict the gnoll sergeant, but do no damage.
You hit the gnoll sergeant but do no damage.
You squeeze the gnoll sergeant, but do no damage.
The gnoll sergeant is heavily wounded.
You constrict the gnoll sergeant, but do no damage.
The gnoll sergeant hits you with a +0 spear.
The centaur shoots an arrow.
The arrow barely misses you.
You hit the gnoll sergeant but do no damage.
The gnoll sergeant is severely wounded.
You constrict the gnoll sergeant.
The centaur shoots an arrow.
The arrow hits you!
* * * LOW HITPOINT WARNING * * *
It was a potion of attraction.
You feel attractive to monsters.
You constrict the gnoll sergeant.
The gnoll sergeant hits you with a +0 spear!
* * * LOW HITPOINT WARNING * * *
You release your grip on the gnoll sergeant.
The centaur attacks as you move away!
The centaur unwields a +0 shortbow.
The centaur completely misses you. The centaur kicks you.
* * * LOW HITPOINT WARNING * * *
The gnoll sergeant attacks as you move away!
The gnoll sergeant hits you with a +0 spear!
You die...

.c ....## #.
......## #.
......####### #.
...#..#....## #.
#.........## #!
#####......♣P..##
#.##...^......♣.....
#.c#................
##.@................
##g!...............
##....############
##..## ##... #####


You could see a gnoll sergeant (very poisoned) and a centaur.

Vanquished Creatures
  A black bear (D:6)
  An ogre (D:6)
  A centaur (D:4)
  3 hounds
  Crazy Yiuf (D:2)
  An orc priest (D:5)
  7 iguanas
  An orc wizard (D:4)
  8 gnolls
  7 adders
  A shadow imp (D:5)
  A white imp (D:5)
  An ufetubus (D:5)
  A dart slug (D:4)
  12 orcs
  7 endoplasms
  6 giant cockroaches
  12 goblins
  10 hobgoblins
  6 jackals
  11 kobolds
  8 quokkas
  6 ball pythons
  8 bats
  2 frilled lizards (D:3)
  4 rats
127 creatures vanquished.

Notes
Turn   | Place    | Note
-------+----------+-------------------------------------------
     0 | D:1      | NullDivider the Octopode Venom Mage began the quest for the
                  | Orb.
     0 | D:1      | Reached XP level 1. HP: 11/11 MP: 3/3
   146 | D:1      | Found Jegun's Vocational Training.
   242 | D:1      | Reached skill level 3 in Stealth
   242 | D:1      | Reached XP level 2. HP: 17/17 MP: 3/5
   263 | D:1      | Learned a level 2 spell: Poisonous Vapours
   846 | D:2      | Reached XP level 3. HP: 21/21 MP: 2/6
   885 | D:2      | Learned a level 3 spell: Mephitic Cloud
  1068 | D:2      | Found a burning altar of Makhleb.
  1303 | D:2      | Reached skill level 1 in Air Magic
  1307 | D:2      | Reached XP level 4. HP: 27/27 MP: 1/7
  1519 | D:2      | Found a runed translucent door.
  1520 | D:2      | Noticed Crazy Yiuf
  1882 | D:2      | Killed Crazy Yiuf
  1883 | D:2      | Reached skill level 1 in Short Blades
  1962 | D:3      | Reached XP level 5. HP: 29/31 MP: 6/8
  2046 | D:3      | Found a hide-covered altar of Uskayaw.
  2479 | D:3      | Found a runed translucent door.
  2480 | D:3      | Noticed Beaer's ghost (amateur DjFE)
  2562 | D:3      | Identified the +4 mace of Attainder {vamp, rF+ Int+3}
  2645 | D:3      | Reached skill level 4 in Stealth
  2983 | D:4      | Noticed a centaur
  2987 | D:4      | Found a burning altar of Makhleb.
  2993 | D:4      | Killed a centaur
  2994 | D:4      | Reached XP level 6. HP: 25/36 MP: 10/10
  3925 | D:5      | Entered Level 5 of the Dungeon
  3956 | D:5      | Reached skill level 5 in Poison Magic
  4006 | D:5      | Reached XP level 7. HP: 28/41 MP: 8/11
  4072 | D:5      | Reached skill level 5 in Stealth
  4290 | D:5      | Found an opulent altar of Gozag.
  5201 | D:6      | Learned a level 4 spell: Olgreb's Toxic Radiance
  5314 | D:6      | Reached skill level 6 in Stealth
  5314 | D:6      | Reached XP level 8. HP: 29/46 MP: 8/14
  5501 | D:6      | HP: 2/46 [gnoll sergeant/+0 spear (7)]
  5502 | D:6      | Mangled by a gnoll sergeant

Illustrated notes

Levels and vault maps discovered:
D:1:      lemuel_arrival_room, layout_basic, nicolae_shop_vocational
D:2:      layout_basic, basic_altar, minmay_cupped, uniq_crazy_yiuf_cottage
D:3:      layout_basic, nicolae_uskayaw_dance_hall,
          ebering_ghost_reflecting_pool, minmay_quantized
D:4:      layout_gridville, nicolae_overflow_crystal_walls,
          nicolae_concentric_dashed_squares_wild
D:5:      layout_basic, mainiacjoe_overflow_small_starburst, grunt_ministairs_13
D:6:      layout_basic, grunt_dithmenos_smoke, eino_tiny_chamber,
          serial_park_tiny_1, minmay_ogre_servants

Skill      XL: |  1  2  3  4  5  6  7 |
---------------+----------------------+-----
Stealth        | 3 4 6 |  6.0
Poison Magic   | 4 5 |  5.2
Air Magic      | 1 2 |  2.3
Short Blades   | 1 2 3 |  3.2
Dodging        | 3 4 |  4.3
Spellcasting   | 3 4 |  4.3
Transmutations | |  1.0

Action                     |  1- 3 |  4- 6 |  7- 9 || total
---------------------------+-------+-------+-------++-------
  Melee: Unarmed           |     6 |       |       ||     6
         Staff             |    20 |       |       ||    20
         Constrict         |     8 |    27 |    11 ||    46
         Punch             |     2 |     3 |     5 ||    10
         Tentacles         |     4 |    26 |    18 ||    48
         Short sword       |    18 |   102 |    56 ||   176
         Dagger            |       |       |     8 ||     8
   Cast: Sting             |    26 |    45 |    13 ||    84
         Poisonous Vapours |     7 |    20 |    13 ||    40
         Mephitic Cloud    |     1 |     1 |       ||     2
         Olgreb's Toxic Ra |       |       |     1 ||     1
    Use: Scroll            |       |     1 |     3 ||     4
         Potion            |       |       |     1 ||     1
   Stab: Sleeping          |     6 |    14 |     7 ||    27
         Confused          |       |     1 |       ||     1
 Armour: Skin              |     5 |     1 |     1 ||     7
  Dodge: Dodged            |    26 |    46 |    38 ||   110
